 Dungeon Crawl Stone Soup version 0.31-a0-8-gd14b0f4ee2 (webtiles) character file.

Game seed: 12109811554135734819

345 Kuronicle the Insei (level 6, -4/48 HPs)
             Began as a Human Monk on May 6, 2023.
             Slain by an ice beast (13 damage)
             ... on level 3 of the Dungeon.
             The game lasted 00:06:18 (2001 turns).

Kuronicle the Insei (Human Monk)                    Turns: 2001, Time: 00:06:18

Health: -4/48      AC:  4    Str: 13    XL:     6   Next: 89%
Magic:  6/6        EV: 13    Int: 12    God:
Gold:   151        SH:  0    Dex: 20    Spells: 5/5 levels left

rFire   + .          .
                       - Unarmed
rCold   . . .        (no shield)
rNeg    + . .        e - +0 leather armour
rPois   .            (no helmet)
rElec   .            (no cloak)
rCorr   .            i - +0 pair of gloves
SInv    .            (no boots)
Will    .....        (no amulet)
Stlth   ++           l - ring of positive energy
HPRegen 0.28/turn    p - ring of the Philosopher {rF+ Int+2 Dex+4 Slay+4}
MPRegen 0.10/turn

%: no passive effects
@: no status effects
A: no striking features
a: no special abilities


You were on level 3 of the Dungeon.
You visited 1 branch of the dungeon, and saw 3 of its levels.

You collected 151 gold pieces.

Inventory:

Hand Weapons
 k - a +0 mace
 v - the +3 quarterstaff "Ingosub" {venom, Fly rF- rCorr Dex+2}
   (You found it on level 3 of the Dungeon)

   Dex:       It affects your dexterity (+2).
   rF:        It makes you vulnerable to fire.
   Fly:       It grants you flight.
   rCorr:     It protects you from acid and corrosion.
Armour
 e - a +0 leather armour (worn)
 i - a +0 pair of gloves (worn)
Jewellery
 l - a ring of positive energy (left hand)
 p - the ring of the Philosopher (right hand) {rF+ Int+2 Dex+4 Slay+4}
   (You found it on level 2 of the Dungeon)

   [ring of slaying]

   Int:       It affects your intelligence (+2).
   Dex:       It affects your dexterity (+4).
   Slay:      It affects your accuracy & damage with ranged weapons and melee
   (+4).
   rF:        It protects you from fire.
Wands
 s - a wand of flame (17)
 t - a wand of polymorph (11)
Scrolls
 a - a scroll of brand weapon {unknown}
 c - a scroll of enchant weapon {unknown}
 d - 2 scrolls of poison
 f - a scroll of acquirement {unknown}
 g - a scroll of fog {unknown}
 m - 4 scrolls of fear
 n - a scroll of blinking {unknown}
 o - 2 scrolls of vulnerability {unknown}
 q - a scroll of torment {unknown}
 u - a scroll of teleportation {unknown}
Potions
 b - 2 potions of ambrosia
 h - 2 potions of cancellation
 j - 2 potions of curing
 r - 2 potions of might {unknown}


   Skills:
 * Level 3.9 Fighting
 - Level 3.4 Armour
 - Level 3.3 Dodging
 - Level 2.0 Stealth
 + Level 4.8 Unarmed Combat


You had 5 spell levels left.
You didn't know any spells.
Your spell library was empty.

Dungeon Overview and Level Annotations

Branches:
Dungeon (3/15)

Altars:


Message History

The orc closely misses you. The orc attacks as you move away!
The orc hits you with a +0 short sword. The ice beast attacks as you move away!
The ice beast hits you. The ice beast freezes you!
The ice beast attacks as you move away!
The ice beast hits you but does no damage.
The ice beast attacks as you move away!
The ice beast hits you but does no damage.
The ice beast attacks as you move away!
The ice beast hits you but does no damage.
The orc attacks as you move away! The orc hits you with a +0 short sword.
The ice beast misses you. The ice beast attacks as you move away!
The ice beast misses you. The ice beast attacks as you move away!
The ice beast barely misses you. The orc attacks as you move away!
The orc misses you. The orc attacks as you move away!
The orc hits you but does no damage. The ice beast misses you.
The orc attacks as you move away! The orc hits you with a +0 short sword.
The ice beast attacks as you move away! The ice beast hits you.
The ice beast freezes you. The ice beast attacks as you move away!
The ice beast misses you.
You hit the ice beast.
The ice beast is lightly wounded.
The ice beast barely misses you.
You punch the ice beast!
The ice beast is moderately wounded.
The ice beast barely misses you.
You hit the ice beast.
The ice beast is heavily wounded.
The ice beast barely misses you.
You closely miss the ice beast.
The ice beast is heavily wounded.
The ice beast hits you. The ice beast freezes you!
* * * LOW HITPOINT WARNING * * *
You hit the ice beast.
The ice beast is severely wounded.
The ice beast hits you.
* * * LOW HITPOINT WARNING * * *
The ice beast freezes you!
You die...

# #.#.# #. ##..
######## .$. # #.#.#
#. ##..#########....
####.#.# #.
................
.....#.#
####.###....##....
.#####.# ..# #....#
.. ..)....# #.##
#....# .#####.....#
#.# . #....# .#
#.....# #.# #. #....#
## #.....# #@#
#.##....# #.....# #Y#
#.......# #.....# #o#
###.....# #.....#
#.######....##
#.....#
#............#
##...........#
#.......†.[.#
####.........#.#####
..............#.#....


You could see an ice beast and an orc.

Vanquished Creatures
  Grinder (D:3)
  Natasha (thrice) (D:3)
  2 adders (D:2)
  A dart slug (D:3)
  3 ball pythons
  4 bats
  3 endoplasms
  4 goblins
  8 hobgoblins
  4 quokkas
  4 frilled lizards
  2 kobolds (D:2)
  8 rats
47 creatures vanquished.

Notes
Turn   | Place    | Note
-------+----------+-------------------------------------------
     0 | D:1      | Kuronicle the Human Monk began the quest for the Orb.
     0 | D:1      | Reached XP level 1. HP: 18/18 MP: 1/1
   125 | D:1      | Reached XP level 2. HP: 24/24 MP: 2/2
   277 | D:1      | Reached skill level 1 in Stealth
   377 | D:1      | Reached skill level 1 in Armour
   427 | D:1      | Reached XP level 3. HP: 29/29 MP: 3/3
   918 | D:2      | Reached XP level 4. HP: 27/35 MP: 4/4
  1063 | D:2      | Identified the ring of the Philosopher {rF+ Int+2 Dex+4
                  | Slay+4}
  1418 | D:3      | Noticed Natasha
  1471 | D:3      | Killed Natasha
  1493 | D:3      | Noticed Natasha
  1522 | D:3      | Killed Natasha
  1523 | D:3      | Reached XP level 5. HP: 13/41 MP: 5/5
  1641 | D:3      | Found a faded altar of an unknown god.
  1648 | D:3      | Noticed an ice beast
  1660 | D:3      | Noticed Natasha
  1671 | D:3      | Killed Natasha
  1810 | D:3      | Noticed Grinder
  1814 | D:3      | Paralysed by Grinder for 3 turns
  1830 | D:3      | Killed Grinder
  1831 | D:3      | Reached skill level 4 in Unarmed Combat
  1831 | D:3      | Reached XP level 6. HP: 29/48 MP: 6/6
  1960 | D:3      | Identified the +3 quarterstaff "Ingosub" {venom, Fly rF-
                  | rCorr Dex+2}
  2001 | D:3      | Slain by an ice beast

Illustrated notes

Levels and vault maps discovered:
D:1:      psy_arrival_whirlpool, layout_rooms
D:2:      layout_loops_ring
D:3:      layout_basic, hellmonk_ecumenical_altar_run_dry, uniq_natasha,
          uniq_grinder

Skill      XL: |  1  2  3  4  5 |
---------------+----------------+-----
Stealth        | 1 2 |  2.0
Armour         | 1 2 3 |  3.4
Unarmed Combat | 4 |  4.8
Fighting       | |  3.9
Dodging        | |  3.3

Action                     |  1- 3 |  4- 6 || total
---------------------------+-------+-------++-------
  Melee: Unarmed           |   108 |    68 ||   176
         Punch             |     3 |     3 ||     6
    Use: Scroll            |     3 |     1 ||     4
         Potion            |       |     1 ||     1
   Stab: Sleeping          |     1 |     3 ||     4
         Distracted        |       |     1 ||     1
 Armour: Leather armour    |    40 |    20 ||    60
  Dodge: Dodged            |    77 |    49 ||   126

Table legend: (Time is in decaauts)
 A = Elapsed time spent in this place.
 B = Non-inter-level travel time spent in this place.
 C = Inter-level travel time spent in this place.
 D = Time resting spent in this place.
 E = Time spent auto-exploring this place.
 F = Levels seen in this place.
 G = Mean time per level.
                   A        B        C        D        E       F      G
               +--------+--------+--------+--------+--------+-----+--------+
         Total |   1993 |   1894 |     99 |      0 |   1164 |   3 |  664.3 |
       Dungeon |   1993 |   1894 |     99 |      0 |   1164 |   3 |  664.3 |
               +--------+--------+--------+--------+--------+-----+--------+

Top non-repeatable levels by time:
     D:2: 845 daAuts
     D:3: 579 daAuts
     D:1: 569 daAuts
